AoeStats
← Buhr

African Clearing

510889193Analyzed
4v4 RM · 9h ago on Oct 3, 2026· 29m 48s· 8 players
Game mode
Random Map
Map size
Large (8 player)
Population
200
Speed
Normal
Resources
Standard
Victory
Conquest
Starting age
Dark Age
Ending age
Imperial Age
RankedLock teamsTeams togetherTeam positionsShared explorationLock speedFull tech treeHidden civsTurbo modeCheats
Victory
Defeat
🇺🇸 Inca · United States
1426
+14
🇺🇸 Malay · United States
1398
+15
🇵🇪 Mongols · Peru
1340
+17
🇨🇦 Varangians · Canada
1309
+18
🇭🇰 Tatars · Hong Kong SAR China
1654
-27
🇨🇦 Japanese · Canada
1458
-20
🇺🇸 Dravidians · United States
1224
-10
🇨🇦 Jurchens · Canada
1138
-7
dedw1ng
5:05 Loom
13:41 Feudal Age
18:26 Castle Age
17:52 Bloodlines
19:11 Scale Barding Armor
20:40 Forging
27:25 Double-Bit Axe
29:30 Chain Barding Armor
29:30 Horse Collar
Buhr
4:57 Loom
11:31 Loom
11:52 Loom
14:19 Feudal Age
15:13 Town Watch
18:58 Castle Age
17:13 Fletching
19:57 Double-Bit Axe
19:55 Horse Collar
27:09 Scale Mail Armor
WALLS
3:24 Loom
13:17 Feudal Age
18:01 Castle Age
17:00 Double-Bit Axe
19:04 Fletching
19:33 Bow Saw
22:04 Bodkin Arrow
26:47 Padded Archer Armor
30:37 Bloodlines
[Kpell] AdrianLeverkuhn
4:56 Loom
13:26 Feudal Age
13:09 Town Watch
14:33 Double-Bit Axe
18:23 Horse Collar
19:49 Fishing Lines
22:25 Wheelbarrow
22:11 Fletching
22:39 Gold Mining
26:00 Castle Age
24:14 Arson
24:58 Forging
25:32 Gillnets
25:20 Crossbowman
26:01 Padded Archer Armor
26:45 Bodkin Arrow
28:17 Iron Casting
28:21 Bow Saw
29:21 Squires
30:15 Husbandry
drkbeer
8:10 Loom
12:36 Feudal Age
15:43 Double-Bit Axe
18:15 Castle Age
16:37 Gold Mining
25:04 Bow Saw
dbaz84
5:34 Loom
14:00 Feudal Age
16:30 Double-Bit Axe
19:14 Castle Age
20:16 Fletching
21:05 Bodkin Arrow
22:10 Stone Mining
25:35 Town Watch
26:14 Treadmill Crane
29:38 Wheelbarrow
30:21 Husbandry
{MAMP}Elky
7:03 Loom
12:24 Feudal Age
19:27 Wheelbarrow
King Fai Gor Gor
13:58 Feudal Age
17:44 Castle Age
16:20 Double-Bit Axe
16:16 Horse Collar
23:34 Bow Saw
25:12 Loom
26:14 Fletching
Connection lost

Rejoining the realm…

Still unreachable

The connection could not be restored.

Session expired

The server has moved on; the page needs a fresh start.